 Dungeon Crawl Stone Soup version 0.30-a0-219-gf2db51d15e (webtiles) character file.

Game seed: 9218182850765149480

30282 heikuro the Basher (level 13, -6/105 HPs)
             Began as a Formicid Fighter on Oct 8, 2022.
             Was an Elder of Makhleb.
             Mangled by a large slime creature (26 damage)
             ... on level 15 of the Dungeon.
             The game lasted 00:55:16 (18006 turns).

heikuro the Basher (Formicid Fighter)              Turns: 18006, Time: 00:55:17

Health: -6/105     AC: 27    Str: 31 (32) XL:     13   Next: 87%
Magic:  20/20      EV:  5    Int:  8      God:    Makhleb [****..]
Gold:   721        SH: 18    Dex: 16 (17) Spells: 12/12 levels left

rFire   + . .      SeeInvis +    H - +5 morningstar
rCold   + . .      Faith    .    O - +0 kite shield
rNeg    . . .      Spirit   .    Q - +1 gold dragon scales
rPois   +          Reflect  +    (helmet unavailable)
rElec   +          Harm     .    b - +1 cloak
rCorr   .          Rampage  .    (no gloves)
Will    +....                    o - +0 pair of boots
Stlth   ..........               u - amulet of reflection
HPRegen 0.37/turn                R - ring "Quughy" {rElec Str+6 Dex+4}
MPRegen 0.17/turn                K - +4 ring of protection

@: no status effects
A: permanent stasis, dig shafts and tunnels, antennae 3, four strong arms,
deterioration 1
a: Dig, Shaft Self, Renounce Religion, Minor Destruction, Lesser Servant of
Makhleb, Major Destruction


You were on level 15 of the Dungeon.
You worshipped Makhleb.
Makhleb was greatly pleased with you.
You visited 2 branches of the dungeon, and saw 16 of its levels.
You also visited: Sewer and Bailey.

You collected 1655 gold pieces.
You spent 934 gold pieces at shops.

Inventory:

Hand Weapons
 a - a +0 vorpal flail
 D - a +2 hammer of protection
 H - a +5 morningstar (weapon)
Missiles
 e - 60 poisoned darts (quivered)
 r - 8 curare-tipped darts
Armour
 b - a +1 cloak (worn)
 i - a +2 plate armour of poison resistance
 o - a +0 pair of boots (worn)
 O - a +0 kite shield (worn)
 Q - +1 gold dragon scales (worn)
Jewellery
 g - a ring of resist corrosion
 q - a ring of magical power
 u - an amulet of reflection (around neck)
 I - a ring of flight
 J - a ring of ice
 K - a +4 ring of protection (right hand)
 R - the ring "Quughy" (left hand) {rElec Str+6 Dex+4}
   (You bought it in a shop on level 11 of the Dungeon)

   [ring of strength]

   Str:       It affects your strength (+6).
   Dex:       It affects your dexterity (+4).
   rElec:     It insulates you from electricity.
Wands
 c - a wand of paralysis (5)
 k - a wand of quicksilver (17)
 x - a wand of polymorph (32)
 y - a wand of iceblast (14)
 A - a wand of flame (19)
 N - a wand of digging (8)
Scrolls
 f - 2 scrolls of enchant weapon {unknown}
 h - a scroll of poison {unknown}
 j - 6 scrolls of enchant armour
 p - 4 scrolls of magic mapping
 s - 2 scrolls of silence {unknown}
 t - 3 scrolls of butterflies
 w - 4 scrolls of vulnerability {unknown}
 F - 2 scrolls of fear
 G - a scroll of brand weapon
 L - 3 scrolls of summoning {unknown}
Potions
 d - a potion of invisibility
 l - 6 potions of flight
 m - 2 potions of magic
 n - 4 potions of might
 v - 6 potions of curing
 z - 2 potions of attraction
 B - 3 potions of brilliance
 C - 5 potions of lignification
 E - 5 potions of heal wounds
 M - a potion of ambrosia
 P - a potion of cancellation


   Skills:
 + Level 10.8 Fighting
 * Level 13.6 Maces & Flails
 + Level 11.0 Armour
 + Level 12.9 Shields
 + Level 10.2 Invocations


You had 12 spell levels left.
You didn't know any spells.
Your spell library contained the following spells:

 Spells                   Type           Power      Damage    Failure   Level
 Necrotise                Necr           0%         1d4       100%        1
 Summon Small Mammal      Summ           0%         N/A       100%        1
 Scorch                   Fire           0%         2d5       100%        2
 Call Canine Familiar     Summ           0%         N/A       100%        3
 Dazzling Flash           Conj/Hex       0%         N/A       100%        3
 Ignite Poison            Fire/Tmut/Pois 0%         N/A       100%        3
 Summon Guardian Golem    Hex/Summ       0%         N/A       100%        3
 Vampiric Draining        Necr           0%         2d6       100%        3
 Flame Wave               Conj/Fire      0%         2d4       100%        4
 Sticky Flame             Conj/Fire      0%         2d3       100%        4
 Agony                    Necr           0%         N/A       100%        5
 Silence                  Hex/Air        0%         N/A       100%        5
 Summon Cactus Giant      Summ           0%         N/A       100%        6
 Ignition                 Fire           0%         3d3       100%        8


Dungeon Overview and Level Annotations

Branches:
Dungeon (15/15)            Temple (1/1) D:6            Lair (0/5) D:11
    Orc (0/2) D:11         Vaults (0/5) D:13          Sewer (visited)
 Bailey (visited)
 Depths: D:15

Altars:
Ashenzari
Cheibriados
Dithmenos
Elyvilon
Fedhas
Gozag
Hepliaklqana
Kikubaaqudgha
Makhleb
Nemelex Xobeh
Okawaru
Qazlal
Ru
Sif Muna
Trog
Uskayaw
Vehumet
Wu Jian
Xom
Yredelemnul
Zin
The Shining One

Shops:
D:1 ?   D:11 (!=

Portals:
Trove: D:12 (give 18 potions of curing)

Annotations:
D:12 4 transporters, Josephine
D:13 3 runed translucent doors, Fugryada's ghost, journeyman VSEn
D:15 Jorgrun


Innate Abilities, Weirdness & Mutations

You cannot be hasted, slowed, berserked, paralysed or teleported.
You can dig through walls and to a lower floor.
You have a pair of large antennae on your head. (SInv)
Your four strong arms can wield two-handed weapons with a shield.
Your body sometimes deteriorates upon taking damage.


Message History

The phantasmal warrior gestures at you.
The phantasmal warrior blinks!
A slime creature comes into view.
The slime creature quivers.
Jorgrun casts a spell at you. The iron shot hits you!
Jorgrun says, "'tis place shall be yer tomb!"
Jorgrun points at you and mumbles some strange words.
Roots burst forth from the earth!
The grasping roots grab you! The grasping roots constrict you.
The phantasmal warrior gestures at you.
The phantasmal warrior blinks!
You escape the roots grasp.
The phantasmal warrior hits you but does no damage.
You block the phantasmal warrior's attack.
The death knight offers itself to Yredelemnul, and fills with unholy energy.
The phantasmal warrior gestures at you.
The phantasmal warrior blinks!
The phantasmal warrior gestures at you.
The phantasmal warrior blinks!
Jorgrun casts a spell at you.
Roots burst forth from the earth!
The grasping roots grab you! The grasping roots constrict you!
The phantasmal warrior gestures at you.
The phantasmal warrior blinks!
Number of times to repeat, then command key: 9 Enter command to be repeated: Really repeat movement command while danger is nearby?
You escape the roots grasp.
You hear a grinding noise.
The spriggan barely misses you.
The death knight mumbles some strange prayers to Yredelemnul against you.
Your body is wracked with pain!
* * * LOW HITPOINT WARNING * * *
You block the spriggan's attack.
The large slime creature attacks as you move away!
The large slime creature hits you!!
You die...

#####...# #.# #########.#
#.........# #.........#
#......(.#### #........#
.. { #......).##.# { {
#####'##).[..#
####......#@###.#.##.# ..
#.........Ji.........#
.####.#.#..g..J.)..######
...#......W..........# .
#..#..W...J.......##.#
..##.##....Hp###.#....# #
#...........W..#.#.##.#
..#.........#.#.#.. ...
####....ยง..#.....#..#.##


You could see Jorgrun, a death knight (reflects damage), 2 large slime
creatures, a slime creature, a manticore, a phantasmal warrior, 2 freezing
wraiths and a spriggan.

Vanquished Creatures
  Azrael (D:12)
  A rakshasa (D:14)
  4 boulder beetles
  6 centaur warriors
  A two-headed ogre (D:14)
  2 tengu warriors
  2 deep elf pyromancers
  An orc knight (D:14)
  2 ugly things
  2 cyclopes
  3 manticores
  A water nymph (shapeshifter) (D:13)
  A molten gargoyle (D:14)
  A gargoyle (D:13)
  A kobold demonologist (D:13)
  An unseen horror (D:10)
  A tengu conjurer (D:13)
  3 trolls
  A slime creature (D:12)
  3 shadows
  4 wraiths
  A spriggan (shapeshifter) (D:13)
  A hog (D:15)
  22 yaks
  6 fire elementals (D:11)
  14 vampire mosquitoes
  A steam dragon (D:6)
  7 water moccasins
  2 hell hounds (D:11)
  11 orc warriors
  3 black bears
  An ice beast (D:6)
  A black bear (shapeshifter) (D:13)
  The ghost of bmpenner the Slasher, an amateur BaFi (D:3)
  12 centaurs
  A phantom (D:6)
  10 kobold brigands
  11 bullfrogs
  2 necrophages (D:5)
  3 gnoll sergeants
  2 scorpions (D:4)
  7 wights
  2 howler monkeys (D:5)
  4 electric eels (D:7)
  8 orc priests
  5 hounds
  A jelly (D:6)
  Crazy Yiuf (D:6)
  3 iron imps (D:5)
  A gnoll bouda (D:5)
  5 iguanas
  12 orc wizards
  19 gnolls
  18 adders
  3 river rats (Sewer)
  2 shadow imps
  4 worms
  7 dart slugs
  42 orcs
  16 ball pythons
  10 endoplasms
  6 giant cockroaches
  6 goblins
  11 hobgoblins
  4 jackals (D:4)
  23 kobolds
  8 quokkas
  10 bats
  A frilled lizard (D:2)
  38 rats
  A bush (D:14)
432 creatures vanquished.

Vanquished Creatures (collateral kills)
  2 slime creatures (D:12)
2 creatures vanquished.

Vanquished Creatures (others)
  Kirke (D:15)
  A tengu conjurer (D:15)
  2 humans (D:15)
  33 fungi (D:11)
  38 plants (D:11)
75 creatures vanquished.

Grand Total: 509 creatures vanquished

Notes
Turn   | Place    | Note
-------+----------+-------------------------------------------
     0 | D:1      | heikuro the Formicid Fighter began the quest for the Orb.
     0 | D:1      | Reached XP level 1. HP: 18/18 MP: 1/1
    86 | D:1      | Reached XP level 2. HP: 20/24 MP: 2/2
   386 | D:1      | Reached XP level 3. HP: 29/29 MP: 3/3
   389 | D:1      | Found Atarph's Magic Scroll Shop.
   917 | D:2      | Reached skill level 3 in Maces & Flails
   917 | D:2      | Reached XP level 4. HP: 28/37 MP: 4/4
  1295 | D:2      | Reached XP level 5. HP: 38/42 MP: 5/5
  1795 | D:3      | Found a runed translucent door.
  1795 | D:3      | Noticed a bullfrog
  1796 | D:3      | Noticed bmpenner's ghost (amateur BaFi)
  1853 | D:3      | Found a faded altar of an unknown god.
  2072 | D:4      | Reached skill level 5 in Shields
  2157 | D:4      | Found a glowing drain.
  2167 | Sewer    | Entered a sewer
  2356 | Sewer    | Reached XP level 6. HP: 31/48 MP: 6/6
  2472 | Sewer    | Reached skill level 4 in Maces & Flails
  2529 | Sewer    | Gained mutation: Armour fits poorly on your strangely
                  | shaped body. [potion of mutation]
  2529 | Sewer    | Gained mutation: Your flesh is cold resistant. (rC+)
                  | [potion of mutation]
  2529 | Sewer    | Gained mutation: You are robust. (+10% HP) [potion of
                  | mutation]
  2530 | Sewer    | Lost mutation: Armour fits poorly on your strangely shaped
                  | body. [potion of mutation]
  2530 | Sewer    | Lost mutation: Your flesh is cold resistant. (rC+) [potion
                  | of mutation]
  2530 | Sewer    | Lost mutation: You are robust. (+10% HP) [potion of
                  | mutation]
  2530 | Sewer    | Gained mutation: Your body sometimes deteriorates upon
                  | taking damage. [potion of mutation]
  2573 | Sewer    | Reached XP level 7. HP: 25/55 MP: 7/7
  3038 | D:4      | Reached skill level 5 in Maces & Flails
  3057 | D:4      | Reached skill level 5 in Armour
  3448 | D:5      | Entered Level 5 of the Dungeon
  3617 | D:5      | Reached skill level 5 in Fighting
  3634 | D:5      | Reached XP level 8. HP: 49/62 MP: 8/8
  3947 | D:4      | Reached skill level 6 in Maces & Flails
  4575 | D:5      | Found a burning altar of Makhleb.
  4613 | D:5      | Became a worshipper of Makhleb the Destroyer
  4831 | D:6      | Found a staircase to the Ecumenical Temple.
  4838 | D:6      | Reached skill level 1 in Invocations
  4866 | Temple   | Entered the Ecumenical Temple
  5509 | D:6      | Reached XP level 9. HP: 69/69 MP: 10/10
  5707 | D:6      | Found a runed translucent door.
  5708 | D:6      | Noticed Crazy Yiuf
  5715 | D:6      | Killed Crazy Yiuf
  5855 | D:6      | Reached skill level 7 in Maces & Flails
  6795 | D:7      | Found a flagged portal.
  6822 | Bailey   | Entered a bailey
  6857 | Bailey   | Reached * piety under Makhleb
  6963 | Bailey   | Reached skill level 8 in Maces & Flails
  7075 | Bailey   | Reached XP level 10. HP: 58/77 MP: 13/13
  7322 | Bailey   | Found a burning altar of Makhleb.
  8068 | D:7      | Reached ** piety under Makhleb
  8423 | D:8      | Reached skill level 9 in Maces & Flails
  8423 | D:8      | Reached skill level 5 in Invocations
  8497 | D:8      | Found a shimmering altar of Xom.
  8497 | D:8      | Found a sparkling altar of Nemelex Xobeh.
  9772 | D:9      | Found a glowing golden altar of the Shining One.
  9937 | D:9      | Reached XP level 11. HP: 86/86 MP: 15/15
 10050 | D:9      | You fall into a shaft and drop 3 floors!
 10095 | D:12     | Reached skill level 10 in Maces & Flails
 10229 | D:12     | Found a portal to a secret trove of treasure.
 10240 | D:12     | Reached skill level 10 in Shields
 10290 | D:11     | Found Epsest's One-of-a-Kind Rings.
 10560 | D:10     | Entered Level 10 of the Dungeon
 10998 | D:10     | Reached *** piety under Makhleb
 11042 | D:10     | Noticed a manticore
 11097 | D:10     | Killed a manticore
 11600 | D:11     | Found Pozat's Antique Weapon Shoppe.
 11717 | D:11     | Found a staircase to the Lair.
 11724 | D:11     | Reached skill level 11 in Maces & Flails
 11743 | D:11     | Reached XP level 12. HP: 92/94 MP: 17/17
 12260 | D:11     | Found Nioracaint's Distillery.
 12633 | D:11     | Found a staircase to the Orcish Mines.
 13221 | D:12     | Noticed Azrael
 13248 | D:12     | Killed Azrael
 13330 | D:12     | Found a transporter.
 13330 | D:12     | Noticed a boulder beetle
 13331 | D:12     | Noticed Josephine
 13332 | D:12     | Found a transporter.
 13364 | D:12     | Found a transporter.
 13585 | D:3      | Killed bmpenner's ghost
 13585 | D:3      | Reached **** piety under Makhleb
 14292 | D:12     | Noticed a boulder beetle
 14316 | D:12     | Killed a boulder beetle
 14317 | D:12     | Reached skill level 12 in Maces & Flails
 14439 | D:12     | Found a transporter.
 14674 | D:13     | Noticed a centaur warrior
 14684 | D:13     | Killed a centaur warrior
 14685 | D:13     | Reached skill level 10 in Armour
 14983 | D:13     | Found a runed translucent gate.
 14983 | D:13     | Found a runed translucent gate.
 14984 | D:13     | Found a runed translucent gate.
 15006 | D:13     | Reached XP level 13. HP: 68/103 MP: 19/19
 15006 | D:13     | Noticed a centaur warrior
 15014 | D:13     | Killed a centaur warrior
 15015 | D:13     | Reached skill level 10 in Fighting
 15367 | D:13     | Found a gate to the Vaults.
 15884 | D:13     | Noticed Fugryada's ghost (journeyman VSEn)
 16082 | D:14     | Noticed a centaur warrior
 16082 | D:14     | Noticed a centaur warrior
 16097 | D:14     | Killed a centaur warrior
 16119 | D:14     | Killed a centaur warrior
 16120 | D:14     | Reached skill level 13 in Maces & Flails
 16258 | D:14     | Noticed a rakshasa
 16281 | D:14     | Killed a rakshasa
 16308 | D:14     | Found a hide-covered altar of Uskayaw.
 16714 | D:11     | Bought the ring "Quughy" {rElec Str+6 Dex+4} for 934 gold
                  | pieces
 17204 | D:15     | Entered Level 15 of the Dungeon
 17279 | D:15     | Noticed Kirke
 17279 | D:15     | Noticed a centaur warrior
 17291 | D:15     | Killed Kirke
 17298 | D:15     | Killed a centaur warrior
 17476 | D:15     | Reached skill level 10 in Invocations
 17719 | D:15     | Noticed a centaur warrior
 17758 | D:15     | Killed a centaur warrior
 17962 | D:15     | Found a stormy altar of Qazlal.
 17964 | D:15     | Noticed Jorgrun
 18006 | D:15     | Mangled by a large slime creature

Illustrated notes

Levels and vault maps discovered:
D:1:      dpeg_arrival_signposts, layout_basic, serial_shops, shop_scrolls
D:2:      minmay_recursive_quarters, layout_loops_ring
D:3:      layout_rooms, chequers_ecumenical_altar_twisty, ebering_ghost_sewer_d
D:4:      layout_rooms, serial_rivers, chequers_serial_rivers_micro_b,
          chequers_serial_rivers_micro_a, chequers_serial_rivers_micro_a,
          chequers_serial_rivers_marsh, chequers_serial_rivers_micro_a,
          gup_sewer_entry_bubbles, minmay_liquid_box
D:5:      layout_basic, demons_altar
D:6:      layout_loops_corners, minmay_temple_entry_grid,
          uniq_crazy_yiuf_cottage
D:7:      kennysheep_slugbush, layout_cave_pods, enter_bailey_4
D:8:      layout_basic, jmf_multi_god_temple
D:9:      layout_irregular_city, tso_metal_star
D:10:     wander_river, layout_basic
D:11:     layout_basic, due_lair_maze_entry_diamond, david_orc_4, serial_shops,
          shop, minivault_5, nicolae_stop_n_shop_2, nicolae_shop_unique_rings
D:12:     layout_loops_ring, enter_trove_2, minmay_door_square,
          nicolae_diode_intersection, uniq_josephine, uniq_azrael
D:13:     layout_irregular_city, david_vaults_2, gammafunk_ghost_icy
D:14:     layout_irregular_city, serial_park_gazebo
          [serial_park_minivault_5x5_3], nicolae_uskayaw_suspiria
D:15:     gammafunk_enter_depths_forms, layout_basic, grunt_qazlal_clouds,
          uniq_kirke, uniq_jorgrun
Temple:   regret_index_temple_mists

Skill      XL: |  1  2  3  4  5  6  7  8  9 10 11 12 13 |
---------------+----------------------------------------+-----
Maces & Flails | 3 4 5 6 8 9 11 12 13 | 13.6
Armour         | 4 5 6 7 8 9 10 11 | 11.0
Fighting       | 4 5 6 7 8 9 10 | 10.8
Shields        | 5 6 7 8 9 10 11 12 | 12.9
Invocations    | 1 4 5 7 8 10 | 10.2

Action                   |  1- 3 |  4- 6 |  7- 9 | 10-12 | 13-15 || total
-------------------------+-------+-------+-------+-------+-------++-------
Melee: Flail             |    79 |   277 |   199 |       |       ||   555
       Morningstar       |       |       |    54 |   592 |   229 ||   875
       Mace              |       |       |   163 |   151 |       ||   314
Throw: Dart              |       |       |     3 |    16 |     2 ||    21
Invok: Minor Destruction |       |       |       |     9 |    11 ||    20
       Lesser Servant of |       |       |       |     1 |     4 ||     5
 Abil: Dig               |     2 |       |       |       |       ||     2
Evoke: Wand              |       |       |       |     7 |       ||     7
  Use: Scroll            |     2 |     2 |     4 |     8 |     3 ||    19
       Potion            |       |     3 |     4 |       |     2 ||     9
 Stab: Distracted        |       |       |       |       |     4 ||     4
Armor: Scale mail        |    52 |   181 |   107 |       |       ||   340
       Plate armour      |       |       |    60 |   372 |    76 ||   508
       Chain mail        |       |       |    37 |       |       ||    37
       Gold dragon scale |       |       |       |       |    60 ||    60
       Skin              |       |       |       |       |    16 ||    16
Dodge: Dodged            |    65 |   165 |   129 |   156 |    42 ||   557
Block: Buckler           |    33 |   180 |   282 |   223 |       ||   718
       Reflection        |       |       |     3 |    30 |    23 ||    56
       Kite shield       |       |       |       |   371 |   258 ||   629

Table legend: (Time is in decaauts)
 A = Elapsed time spent in this place.
 B = Non-inter-level travel time spent in this place.
 C = Inter-level travel time spent in this place.
 D = Time resting spent in this place.
 E = Time spent auto-exploring this place.
 F = Levels seen in this place.
 G = Mean time per level.
                   A        B        C        D        E       F      G
               +--------+--------+--------+--------+--------+-----+--------+
         Total |  18399 |  17241 |   1158 |   3819 |   5977 |  18 | 1022.2 |
       Dungeon |  16608 |  15473 |   1135 |   3056 |   5776 |  15 | 1107.2 |
        Temple |    536 |    514 |     22 |    287 |    186 |   1 |  536.0 |
         Sewer |    703 |    703 |      0 |    222 |     14 |   1 |  703.0 |
        Bailey |    551 |    551 |      0 |    254 |      0 |   1 |  551.0 |
               +--------+--------+--------+--------+--------+-----+--------+

Top non-repeatable levels by time:
    D:11: 1689 daAuts
    D:13: 1562 daAuts
     D:6: 1465 daAuts
    D:12: 1341 daAuts
     D:5: 1284 daAuts
    D:10: 1223 daAuts
     D:7: 1195 daAuts
     D:4: 1057 daAuts
     D:9: 1041 daAuts
    D:14: 1027 daAuts
     D:2: 897 daAuts
     D:8: 800 daAuts
    D:15: 760 daAuts
   Sewer: 703 daAuts
     D:1: 675 daAuts
